[Event "Gibraltar Amateurs B 2019"]
[Site "Caleta"]
[Date "2019.01.28"]
[Round "3"]
[White "Mircov, Nicola-Alexandar"]
[Black "Valladolid Martin, Fco. Jose"]
[Result "0-1"]
[ECO "C54"]
[WhiteElo "1797"]
[BlackElo "1878"]
[Annotator "NA"]
[PlyCount "122"]
[EventDate "2019.01.18"]
[EventType "swiss"]
[EventCountry "GGB"]
[SourceTitle "playchess.com"]
[Source "ChessBase"]
[SourceQuality "1"]
[TimeControl "6600+10"]

1. e4 e5 2. Nf3 Nc6 3. Bc4 Bc5 4. c3 Nf6 5. d4 exd4 {[%emt 0:00:07] LiveBook: 1617 Games} 6. e5 d5 7. Bb5 Ne4 8. cxd4 Bb6 9. Be3 {[%emt 0:02:57] C54: Giuoco Piano: 4 c3 Nf6, main lines with 5 d4 and 5 d3} O-O 10. Nc3 Ba5 11. Qb3 f6 12. O-O-O $146 ({Predecessor:} 12. exf6 Nxf6 13. Bxc6 bxc6 14. Ne5 Qd6 15. O-O c5 16. Na4 c4 17. Qc2 Ng4 18. Nxg4 Bxg4 19. Bd2 Bb6 20. Nxb6 axb6 21. f3 Bf5 22. Qc3 Bd3 23. Rfe1 Rfe8 24. a3 h6 {½-½ (24) Anton Guijarro,D (2642)-Anand,V (2773) St Petersburg 2018}) 12... Bxc3 13. bxc3 Na5 14. Qc2 Qe7 15. Kb1 Bf5 16. Bd3 Qa3 17. Ka1 fxe5 18. Nh4 Qxc3+ 19. Qxc3 {[%emt 0:00:28] Pin} Nxc3 20. Bxf5 Nxd1 21. Be6+ Kh8 22. Rxd1 c6 $1 23. dxe5 Rae8 24. Bc5 Rf4 25. Bd7 Rxe5 26. Bd6 Nc4 27. Bxe5 Nxe5 28. g3 Rxf2 29. Bc8 g6 ({But not} 29... Rxh2 $2 30. Re1 $18) 30. h3 {[%emt 0:02:43] [#]} (30. Re1 $15 Nd3 31. Re8+ Kg7 32. Kb1) 30... Kg7 $1 31. g4 (31. Re1 $17 {is a better defense.} Kf6 32. Rb1) 31... Kf6 32. Bxb7 (32. Re1 $142) 32... Kg5 33. Re1 Nd3 34. Rd1 {[%emt 0:00:13] [#]} Nb4 $1 35. Nxg6 hxg6 36. Kb1 Nxa2 37. h4+ Kxh4 38. Rh1+ Kxg4 39. Bxc6 Nc3+ 40. Kc1 g5 41. Rh7 a5 42. Ra7 {[%emt 0:00:32] [#]} a4 $1 43. Bxa4 Nxa4 44. Rxa4+ Kf3 45. Kd1 $11 Rf1+ (45... g4 46. Ke1) 46. Kd2 Rf2+ $2 (46... g4 $19 47. Ra8 g3 48. Rf8+ Kg2) 47. Ke1 $2 Rb2 (47... g4 $142 48. Ra7 g3) 48. Rd4 Rb5 (48... Ke3 $142 49. Rxd5 Rb1+ 50. Rd1 Rxd1+ 51. Kxd1 g4 52. Ke1 g3 53. Kf1 Kf3 54. Ke1 g2 55. Kd1 g1=Q+ 56. Kc2 Qc5+ 57. Kb1 Ke3 58. Ka1 Kd3 59. Kb2 Qb5+ 60. Ka3 Kc2 61. Ka2 Qb2#) 49. Ra4 g4 50. Ra3+ Ke4 51. Kf2 d4 (51... Rb2+ $142 52. Kg3 d4 53. Kxg4 d3 54. Ra4+ Ke3 55. Kg5 d2 56. Ra1 Rb5+ 57. Kg4 Rd5 58. Rd1 Ke2 59. Ra1 d1=Q 60. Rxd1 Kxd1 61. Kf3 Rd4 62. Ke3 Rb4 63. Kd3 Ra4 64. Ke3 Kc2 65. Kf2 Kd3 66. Kf3 Kd2 67. Kf2 Ra3 68. Kf1 Ke3 69. Kg2 Ke2 70. Kh1 Kf1 71. Kh2 Kf2 72. Kh1 Rh3#) 52. Kg3 Rg5 53. Ra8 Ke3 54. Re8+ Kd2 55. Ra8 d3 56. Ra2+ Ke3 57. Ra3 Ke2 58. Kf4 Rg8 59. Ra4 Re8 60. Kxg4 d2 61. Ra2 Ke1 0-1

[Event "Gibraltar Amateurs B 2019"]
[Site "Caleta"]
[Date "2019.01.28"]
[Round "3"]
[White "Poggio, Freddie"]
[Black "Hermes, Geoff R"]
[Result "0-1"]
[ECO "A41"]
[WhiteElo "1765"]
[BlackElo "1860"]
[Annotator "NA"]
[PlyCount "96"]
[EventDate "2019.01.18"]
[EventType "swiss"]
[EventCountry "GGB"]
[SourceTitle "playchess.com"]
[Source "ChessBase"]
[SourceQuality "1"]
[TimeControl "6600+10"]

1. Nf3 d6 2. d4 Bg4 3. e3 Nf6 4. c3 {[%emt 0:03:00] A41: 1 d4 d6: Tartakower System and Modern Defence} (4. Be2 Nbd7 5. c4 e5 6. Nc3 c6 7. O-O Be7 8. h3 Bh5 9. b3 O-O 10. Bb2 e4 11. Nh2 Bxe2 12. Qxe2 d5 13. Rac1 a6 14. Ng4 Re8 15. Rc2 Bd6 16. Nxf6+ {½-½ (16) Mamedyarov,S (2817)-Petrosian,T (2598) St Petersburg 2018}) 4... Nbd7 5. Nbd2 e5 6. dxe5 Nxe5 7. Qa4+ $146 ({Predecessor:} 7. Be2 Be7 8. O-O O-O 9. h3 Nxf3+ 10. Nxf3 Be6 11. Nd4 Bd7 12. Bf3 {½-½ (23) Peter,K (1507)-Bockelmann,F (1634) Germany 2005}) 7... Qd7 8. Qxd7+ Nfxd7 9. Be2 Be7 10. O-O O-O 11. Re1 Bf5 12. Nxe5 dxe5 13. Bc4 (13. e4 $11 {keeps the balance.} Be6 14. Nc4) 13... Nb6 14. Bb3 Rad8 15. Nf3 Bf6 16. e4 Bg4 17. Be3 Rd3 18. Rad1 Rfd8 19. Rxd3 Rxd3 20. Bc2 Rd7 21. b3 Nc8 22. Nd2 Be6 23. f4 exf4 24. Bxf4 Bxc3 25. Rd1 Bg4 26. Nf3 Rxd1+ 27. Bxd1 Nd6 28. h3 Bh5 29. g4 Bg6 30. e5 Nb5 31. a4 Nd4 32. Kf2 Nxf3 33. Kxf3 {[%emt 0:00:51] [#]} c6 $1 34. Be2 Bc2 35. Bc4 b5 36. axb5 cxb5 37. Bd5 a5 38. e6 fxe6 39. Bxe6+ Kf8 40. Bd6+ Ke8 41. Ke3 a4 $19 42. bxa4 bxa4 43. h4 Bb3 44. Bxb3 axb3 45. Kd3 b2 46. Kc2 Kf7 47. g5 Kg6 48. Bc7 Be1 0-1

[Event "Gibraltar Amateurs B 2019"]
[Site "Caleta"]
[Date "2019.01.28"]
[Round "3"]
[White "Oueld El Hachemi, Abdelhaq"]
[Black "Marcos Herrero, Francisco"]
[Result "0-1"]
[ECO "A48"]
[WhiteElo "1747"]
[BlackElo "1855"]
[Annotator "NA"]
[PlyCount "102"]
[EventDate "2019.01.18"]
[EventType "swiss"]
[EventCountry "GGB"]
[SourceTitle "playchess.com"]
[Source "ChessBase"]
[SourceQuality "1"]
[TimeControl "6600+10"]

1. d4 Nf6 2. Nf3 c5 3. e3 g6 4. Nc3 Bg7 5. Be2 b6 6. d5 e6 7. e4 exd5 8. e5 Ne4 9. Qxd5 Nxc3 10. Qxa8 Nxe2 11. Qxb8 Nxc1 12. Rxc1 O-O 13. O-O f6 14. Rfe1 fxe5 15. Rcd1 d5 16. Qa8 e4 {[%emt 0:07:05] [#]} 17. Nd2 $2 ({Of course not} 17. Rxd5 $6 Qc7 $11) (17. Rxe4 $1 $16 {[%mdl 512] is necessary to keep the advantage.} Bf5 (17... dxe4 18. Rxd8) 18. Qxd8 Rxd8 19. Re2) 17... Qg5 18. f4 Bd4+ 19. Kh1 {[%emt 0:00:07] [#]} Qh5 $1 20. f5 Be6 21. Qc6 Qxf5 22. Rf1 Qe5 23. Rxf8+ Kxf8 24. c3 Bf2 25. Rf1 e3 26. Nf3 Qf5 27. Qd6+ Kg7 28. Qe7+ Kh6 29. h4 Qf7 30. Qg5+ Kg7 31. h5 h6 32. Qe5+ Qf6 33. Qxf6+ Kxf6 34. hxg6 Bg4 35. Ng1 d4 36. cxd4 cxd4 37. Nh3 Bxh3 38. gxh3 Kxg6 39. Kg2 e2 40. Kxf2 exf1=Q+ 41. Kxf1 Kf5 42. Kf2 Ke4 43. Ke2 d3+ 44. Kd2 Kd4 45. h4 h5 46. b3 b5 47. a3 a5 48. Kc1 Kc3 49. b4 axb4 50. axb4 Kxb4 51. Kd2 Kc4 0-1

[Event "Gibraltar Amateurs B 2019"]
[Site "Caleta"]
[Date "2019.01.29"]
[Round "4"]
[White "Cernuda Orejas, Victor Manuel"]
[Black "Lane, Ryan"]
[Result "0-1"]
[ECO "A48"]
[WhiteElo "1893"]
[BlackElo "1851"]
[Annotator "NA RC"]
[PlyCount "136"]
[EventDate "2019.01.18"]
[EventType "swiss"]
[EventCountry "GGB"]
[SourceTitle "playchess.com"]
[Source "ChessBase"]
[SourceQuality "1"]
[TimeControl "6600+10"]

1. c3 Nf6 2. d4 g6 3. Bg5 Bg7 4. Nf3 d6 5. Nbd2 h6 {[%emt 0:04:49] A48: 1 d4 Nf6 2 Nf3 g6: Torre, London and Colle Systems} (5... O-O 6. e4 c5 7. dxc5 dxc5 8. Bc4 Nc6 9. Qe2 Qc7 10. O-O h6 11. Bxf6 Bxf6 12. Qe3 Bg7 13. Qxc5 b6 14. Qe3 Bb7 15. Rfd1 e6 16. Be2 Rfd8 17. Nf1 a6 18. h4 b5 19. N1h2 Rxd1+ 20. Rxd1 {1-0 (35) Harikrishna,P (2744)-Duda,J (2717) Riadh 2017}) 6. Bxf6 Bxf6 7. e4 Bg7 8. Bd3 Nd7 9. Qc2 $146 ({Predecessor:} 9. O-O O-O 10. Re1 e5 11. Qc2 c6 12. Rad1 Qc7 13. a4 Nf6 {½-½ (44) Polovodin,I (2440)-Kuzmin,G (2555) St Petersburg 1997}) 9... c5 10. O-O O-O 11. Rfe1 Qc7 12. Rac1 a6 13. dxc5 Nxc5 14. Nb3 Nxd3 15. Qxd3 b6 16. Qe3 Bb7 17. Nbd2 Rfd8 18. Nd4 Rac8 19. Ne2 Qc5 20. Nf4 Qxe3 21. Rxe3 h5 22. Nd5 Bxd5 23. exd5 Bh6 24. Rd3 b5 25. Re1 Bxd2 26. Rxd2 Kf8 27. f4 Rc4 28. Rf1 Kg7 29. f5 g5 30. f6+ $1 exf6 31. Rdf2 Re4 32. Rxf6 Rd7 33. R6f2 Re5 34. Rd2 Rde7 35. Rfd1 Re2 36. Kf1 Rxd2 37. Rxd2 f5 38. b3 Re4 39. Rc2 Kf6 40. c4 bxc4 41. bxc4 Ke5 42. c5 Kxd5 43. c6 Re8 44. Kf2 Rc8 45. c7 Ke6 46. Rc6 Kd7 47. Rxa6 Rxc7 48. h3 Rc2+ 49. Kf3 Ke6 50. Ra8 h4 51. Re8+ Kf7 52. Ra8 Rc3+ 53. Kf2 Kf6 54. a4 Ke5 55. Rb8 $2 (55. a5) 55... Ra3 56. Rb5+ d5 57. a5 Ke4 58. Rb4+ d4 59. Rb5 Ra2+ 60. Kf1 d3 61. Ke1 Rxg2 62. Rb8 Ra2 63. Re8+ Kf3 64. Re5 Kf4 65. Rd5 Ke4 66. Rb5 g4 67. hxg4 fxg4 68. Kf1 h3 0-1

[Event "Gibraltar Amateurs B 2019"]
[Site "Caleta"]
[Date "2019.01.29"]
[Round "4"]
[White "Valladolid Martin, Fco. Jose"]
[Black "Bosschem, Eddy"]
[Result "0-1"]
[ECO "B52"]
[WhiteElo "1878"]
[BlackElo "1847"]
[Annotator "NA RC"]
[PlyCount "98"]
[EventDate "2019.01.18"]
[EventType "swiss"]
[EventCountry "GGB"]
[SourceTitle "playchess.com"]
[Source "ChessBase"]
[SourceQuality "1"]
[TimeControl "6600+10"]

1. e4 c5 2. Nf3 d6 3. Bb5+ Bd7 4. Bxd7+ Qxd7 5. O-O Nc6 6. b3 e6 {[%emt 0:03:09] B52: Sicilian: Moscow Variation with 3...Bd7} (6... Nf6 7. Re1 e5 8. c3 Be7 9. d4 O-O 10. d5 Nd8 11. c4 Ne8 12. Nc3 g6 13. Rb1 b6 14. a3 Rc8 15. Qd3 {0-1 (49) Kabanov,N (2472)-Zvjaginsev,V (2659) Khanty-Mansiysk 2013}) 7. Bb2 Nf6 8. Qe2 Be7 9. d4 cxd4 10. Nxd4 O-O 11. c4 d5 12. cxd5 exd5 13. e5 Ne4 14. Kh1 $146 ({Predecessor:} 14. Rd1 Bc5 {½-½ (40) Valdez Aguero,D (1900)-Sabahaddin,B (1964) IECG email 2002}) 14... Nxd4 15. Bxd4 a6 16. Nd2 Nxd2 17. Qxd2 f6 18. exf6 Bxf6 19. Rad1 Bxd4 20. Qxd4 Rad8 21. Rfe1 Rfe8 22. Kg1 Rxe1+ 23. Rxe1 Kh8 24. h4 h6 25. a4 Rc8 26. Re5 Rd8 27. h5 Qd6 28. b4 Qf6 29. g3 Qd6 30. f4 Qf6 31. Kf2 Qd6 32. Qc5 ({Better is} 32. a5 $14) 32... Qd7 $1 33. Qe7 Qc8 34. Qc5 Qh3 35. Qd4 Qh1 36. Re7 Qh2+ 37. Kf3 Qxh5+ 38. Kg2 Qg4 39. Rxb7 Re8 $11 40. Qxd5 Re2+ 41. Kf1 Re8 42. Qd3 Qc8 43. Qxa6 Qc1+ 44. Kg2 Qd2+ 45. Kh3 Re2 46. Kg4 Qd1 47. Kf5 Qd5+ 48. Kg4 h5+ 49. Kh3 Qh1# {[%emt 0:00:22] Rb8+} 0-1

[Event "Gibraltar Amateurs B 2019"]
[Site "Caleta"]
[Date "2019.01.29"]
[Round "4"]
[White "Bryant, Richard B E"]
[Black "Salas Martin, Javier"]
[Result "1/2-1/2"]
[ECO "B07"]
[WhiteElo "1862"]
[BlackElo "1749"]
[Annotator "NA RC"]
[PlyCount "103"]
[EventDate "2019.01.18"]
[EventType "swiss"]
[EventCountry "GGB"]
[SourceTitle "playchess.com"]
[Source "ChessBase"]
[SourceQuality "1"]
[TimeControl "6600+10"]

1. e4 {[%emt 0:00:00] CB} d6 2. d4 Nf6 3. Nc3 e5 4. dxe5 dxe5 5. Qxd8+ Kxd8 6. Nf3 Bd6 7. Bg5 Be6 8. O-O-O Nbd7 9. Nb5 Ke7 10. Nxd6 cxd6 11. Bb5 {[%emt 0:05:45] B07: Pirc Defence: Miscellaneous Systems} Rhc8 $146 ({Predecessor:} 11... Rhd8 12. Nd2 h6 13. Bh4 g5 14. Bg3 a6 15. Bxd7 Rxd7 16. f3 Rc8 17. Kb1 Nh5 18. Nf1 f5 19. exf5 Bxf5 {0-1 (42) Vallejo Pons,F (2697)-Carlsen,M (2843) Sao Paulo/Bilbao 2012 CBM 151 [CB]}) 12. Kb1 Rc7 13. Rhe1 Rac8 14. Rd2 h6 15. Bh4 g5 16. Bg3 Nc5 17. Bd3 Bd7 18. Ng1 a5 19. f3 Nh5 20. Bf2 Nxd3 21. cxd3 a4 22. Ne2 b5 23. Bb6 Rb7 24. Be3 b4 25. d4 b3 26. a3 Rbc7 (26... f5 $11 {keeps the balance.}) 27. dxe5 ({White should try} 27. Nc3 $16) 27... dxe5 28. Nc3 Nf6 (28... Bc6 $14) 29. h4 Rg8 30. hxg5 hxg5 31. Red1 g4 $2 {[%emt 0:06:20] [#]} (31... Rc4 $14) 32. Rd6 $2 (32. Rd5 $1 $18 ) 32... Rc6 (32... Be6 $14) 33. Nd5+ (33. Rxc6 $16 Bxc6 34. Bc5+ Ke8 35. Rd6 {[%mdl 64] Double Attack}) 33... Nxd5 34. R6xd5 Be6 35. Rxe5 gxf3 36. gxf3 Rg3 37. Bc5+ Kf6 38. f4 Bg4 39. Re1 Rg2 $2 {[%emt 0:02:51] [#]} (39... Rd3 $11) 40. Bd4 $1 Rd6 41. Bc3 Bf3 {[%emt 0:04:10] [#]} 42. Re8+ $1 Kg6 43. Rg8+ Kh7 44. Rh8+ (44. Rh1+ {mates} Rh2 45. Rxh2+ Bh5 46. Rxh5+ Rh6 47. Rh8+ Kg6 48. R8xh6#) 44... Kg6 45. Rg8+ Kh7 46. Rxg2 $2 Bxe4+ 47. Kc1 Bxg2 48. Rg1 Be4 49. Rg7+ Kh6 50. Rxf7 Bf3 51. Rf6+ $11 Rxf6 52. Bxf6 1/2-1/2

[Event "Gibraltar Amateurs B 2019"]
[Site "Caleta"]
[Date "2019.01.29"]
[Round "4"]
[White "Hermes, Geoff R"]
[Black "Sahil Dhawan"]
[Result "0-1"]
[ECO "D02"]
[WhiteElo "1860"]
[BlackElo "1843"]
[Annotator "NA RC"]
[PlyCount "54"]
[EventDate "2019.01.18"]
[EventType "swiss"]
[EventCountry "GGB"]
[SourceTitle "playchess.com"]
[Source "ChessBase"]
[SourceQuality "1"]
[TimeControl "6600+10"]

1. d4 Nf6 2. Bf4 e6 3. e3 c5 4. c3 d5 5. Bd3 Bd6 6. Bg3 Nc6 7. Nf3 O-O 8. Nbd2 b6 9. e4 {[%emt 0:03:05] D02: 1 d4 d5 2 Nf3 sidelines, including 2...Nf6 3 g3 and 2...Nf6 3 Bf4} (9. Qe2 Bb7 10. Rd1 Re8 11. e4 Be7 12. e5 Nh5 13. h4 cxd4 14. Nxd4 Nxg3 15. fxg3 Bc5 16. N2f3 f5 {½-½ (45) Esipenko,A (2593)-Karjakin,S (2753) St Petersburg 2018}) 9... dxe4 10. Nxe4 Be7 11. dxc5 bxc5 12. Qe2 Bb7 13. Rd1 Nd5 $146 ({Predecessor:} 13... Qb6) 14. c4 Qa5+ 15. Rd2 Ndb4 16. Bb1 Nxa2 (16... Nd4 $11 {remains equal.} 17. Nxd4 cxd4) 17. Bxa2 Qxa2 18. O-O Rad8 19. Nd6 Ba8 20. b4 Qa3 21. b5 $1 {[%emt 0:02:12] [#]} Nd4 $1 22. Nxd4 $2 (22. Qe3 $1 $15 Nxf3+ 23. gxf3 Qxe3 24. fxe3) 22... cxd4 23. Ra2 (23. Ne4 {was called for.} d3 24. Qe3) 23... d3 24. Qd2 Qc5 25. Rfa1 Bxd6 26. Rxa7 (26. Ra3 a6 27. Rxa6 Bf4 28. Ra7) 26... Bxg3 27. hxg3 Qxc4 0-1

[Event "Gibraltar Amateurs B 2019"]
[Site "Caleta"]
[Date "2019.01.29"]
[Round "4"]
[White "Marcos Herrero, Francisco"]
[Black "Manukonda Arun"]
[Result "1-0"]
[ECO "A11"]
[WhiteElo "1855"]
[BlackElo "1814"]
[Annotator "NA RC"]
[PlyCount "79"]
[EventDate "2019.01.18"]
[EventType "swiss"]
[EventCountry "GGB"]
[SourceTitle "playchess.com"]
[Source "ChessBase"]
[SourceQuality "1"]
[TimeControl "6600+10"]

1. c4 c6 2. Nf3 d5 3. b3 Nf6 4. g3 g6 5. Bb2 Bg7 6. Bg2 O-O 7. O-O dxc4 8. bxc4 Qb6 {[%emt 0:00:42] A11: English Opening: 1...c6} (8... c5 9. d3 Nc6 10. Ne5 Na5 11. Qc1 Qc7 12. Nd2 Ne8 13. f4 Nd6 14. Bc3 Rb8 15. Qa3 b6 16. Bxa5 bxa5 {1-0 (31) Aronian,L (2784)-Carlsen,M (2851) Stavanger 2016}) 9. Qb3 Nbd7 10. Bd4 Qc7 11. d3 e5 $146 ({Predecessor:} 11... c5 12. Bc3 Nh5 13. Bxg7 Nxg7 14. Nc3 {1-0 (29) Schmarr,D (1965)-Schrodt,H (1664) Berlin 2007}) 12. Bb2 e4 13. Ne1 Nc5 14. Qa3 exd3 15. exd3 b6 16. d4 Nce4 17. Nf3 Bg4 18. Nbd2 Bh6 19. Nxe4 Nxe4 20. Ne5 Nf6 21. Nxg4 Nxg4 22. d5 Bg7 23. Bxg7 Kxg7 24. Rfd1 Ne5 25. d6 Qd7 26. c5 Rfe8 $2 (26... f6 27. Qe3 Rfc8 28. cxb6 axb6) 27. Qc3 f6 28. cxb6 Rac8 (28... Rec8 $142 29. f4 Nf7) 29. Rab1 axb6 30. Rxb6 Qa7 $2 (30... Red8 {keeps fighting.} 31. Qb3 Qf5) 31. Qb3 Rb8 32. d7 $1 Nxd7 {[%emt 0:05:51] [#]} 33. Rxd7+ $1 {[%emt 0:01:06] Remove Defender} Qxd7 34. Rxb8 Re1+ 35. Bf1 Qh3 36. Rb7+ Kh6 37. Qd3 Qe6 38. h4 Qxa2 39. Qd7 Qg8 40. Qd2+ {[%emt 0:00:07] Double Attack} 1-0

[Event "Gibraltar Amateurs B 2019"]
[Site "Caleta"]
[Date "2019.01.29"]
[Round "4"]
[White "Garcia-Blazquez Perez, Manuel"]
[Black "Towers, Brian"]
[Result "1/2-1/2"]
[ECO "C01"]
[WhiteElo "1849"]
[BlackElo "1710"]
[Annotator "NA"]
[PlyCount "135"]
[EventDate "2019.01.18"]
[EventType "swiss"]
[EventCountry "GGB"]
[SourceTitle "playchess.com"]
[Source "ChessBase"]
[SourceQuality "1"]
[TimeControl "6600+10"]

1. e4 e6 2. d4 d5 3. Bd3 dxe4 4. Bxe4 Nf6 5. Bf3 c5 6. Ne2 Nc6 {[%emt 0:06:32] C01: French: Exchange Variation} 7. Be3 cxd4 (7... Nd5 8. Bxd5 Qxd5 9. Nbc3 Qxg2 10. Rg1 Qf3 11. Nb5 Rb8 12. dxc5 Bd7 13. Nc7+ Kd8 14. Nb5 {0-1 (54) Kramnik,V (2808)-Caruana,F (2808) Stavanger 2017}) 8. Nxd4 Nxd4 9. Qxd4 Qxd4 10. Bxd4 Bb4+ 11. c3 Bd6 $146 ({Predecessor:} 11... Be7 12. c4 O-O 13. Nc3 Nd7 14. O-O {1-0 (31) Meinhardt,M (2383)-Florea,D (2267) Germany 2017}) 12. Nd2 e5 13. Be3 O-O 14. Nc4 Bc7 15. Rd1 e4 16. Be2 b6 17. Na3 Be6 18. Nb5 Be5 19. O-O Ng4 20. Bxg4 Bxg4 21. Rd5 f6 22. Nd4 Bxd4 23. Rxd4 Be2 24. Re1 Bd3 25. a4 Rad8 26. Ra1 Rxd4 27. Bxd4 Rf7 28. b4 Rb7 29. f3 exf3 30. gxf3 a6 31. Kf2 b5 32. Ke3 Bc4 33. Bc5 Rd7 34. Bd4 Kf7 35. axb5 axb5 36. f4 Re7+ 37. Kf3 h5 38. h4 $11 {[%emt 0:00:29] keeps the balance.} Bd5+ 39. Kf2 Bc4 40. f5 Bd3 41. Bc5 Rd7 42. Rc1 Bxf5 43. c4 bxc4 44. Rxc4 Bd3 45. Rc1 g5 46. Kg3 $17 (46. hxg5 $11 {keeps the balance.} fxg5 47. Be3) 46... Bb5 47. hxg5 fxg5 48. Be3 Rd5 49. Rc8 h4+ 50. Kf2 Rf5+ 51. Kg2 g4 52. Rc5 Rxc5 53. bxc5 Bc6+ 54. Kh2 Kg6 55. Bf2 Kg5 56. Be3+ Kh5 57. Bf4 Bf3 58. Bd6 Kg6 59. Be7 g3+ 60. Kh3 g2 61. Kh2 Kh5 62. Bd6 h3 63. Be5 Kg4 64. Bd4 Bc6 65. Bg1 Bd7 66. Bd4 Kf3 67. c6 Bxc6 68. Kxh3 1/2-1/2

[Event "Gibraltar Amateurs B 2019"]
[Site "Caleta"]
[Date "2019.01.29"]
[Round "4"]
[White "Sharma Pankaj"]
[Black "Lochte, Szilvia"]
[Result "1-0"]
[ECO "B43"]
[WhiteElo "1809"]
[BlackElo "1868"]
[Annotator "NA RC"]
[PlyCount "75"]
[EventDate "2019.01.18"]
[EventType "swiss"]
[EventCountry "GGB"]
[SourceTitle "playchess.com"]
[Source "ChessBase"]
[SourceQuality "1"]
[TimeControl "6600+10"]

1. e4 c5 2. Nf3 e6 3. d4 cxd4 4. Nxd4 a6 5. Nc3 Qc7 6. Be3 Nf6 7. a3 Be7 {[%emt 0:05:43] B43: Sicilian: Kan Variation: 5 Nc3} (7... b5 8. Bd3 Bb7 9. Qf3 d6 10. Qg3 Nbd7 11. O-O h5 12. h3 h4 13. Qf3 Be7 14. Nb3 d5 15. Bf4 e5 {0-1 (31) Escobar Medina,A (2343)-Iturrizaga Bonelli,E (2663) Medellin 2017}) 8. Bd3 d6 9. O-O Nbd7 10. f4 b6 11. Qe2 Bb7 12. Kh1 $146 ({Predecessor:} 12. Rae1 g6 13. h3 b5 14. Qf2 {0-1 (44) Plenca,J (2351)-Sulava,N (2484) Pula 2013}) 12... O-O 13. Rae1 Nc5 14. Bg1 Nxd3 15. cxd3 Rfe8 16. Rc1 Qd8 17. Be3 Rc8 18. Rf3 d5 19. e5 Ng4 20. Bg1 h5 21. h3 Nh6 22. Rcf1 g6 23. Be3 Kg7 24. Qd2 Nf5 25. Nxf5+ exf5 26. Bd4 Bc5 27. Qe3 Re6 28. Kg1 Qc7 29. Ne2 Kg8 30. b4 $14 Bxd4 31. Nxd4 Ree8 32. Rg3 Qd7 33. Qf3 Kh7 34. Rg5 Rh8 35. Nxf5 Kg8 36. Nd6 Rc7 37. f5 d4 38. Qf4 1-0

[Event "Gibraltar Amateurs B 2019"]
[Site "Caleta"]
[Date "2019.01.29"]
[Round "4"]
[White "Longdin, Michael"]
[Black "Robson, Paul E"]
[Result "0-1"]
[ECO "B22"]
[WhiteElo "1735"]
[BlackElo "1861"]
[Annotator "NA"]
[PlyCount "85"]
[EventDate "2019.01.18"]
[EventType "swiss"]
[EventCountry "GGB"]
[SourceTitle "playchess.com"]
[Source "ChessBase"]
[SourceQuality "1"]
[TimeControl "6600+10"]

1. d4 c5 2. c3 g6 3. e4 cxd4 4. cxd4 d5 5. Nc3 dxe4 6. Nxe4 Bg7 7. Nf3 Nf6 {[%emt 0:00:52] B22: Sicilian: 2 c3} 8. Nxf6+ Bxf6 9. Bb5+ (9. Bh6 Qa5+ 10. Bd2 Qb6 11. Bc3 O-O 12. Be2 Rd8 13. Qa4 Nc6 14. Rd1 Bg4 15. d5 Bxc3+ 16. bxc3 Bxf3 17. Bxf3 {½-½ (45) Kharlov,A (2558)-Gashimov,V (2625) playchess.com INT 2006}) 9... Nd7 10. O-O O-O 11. Bh6 Re8 12. Re1 $146 ({Predecessor:} 12. Ne5 a6 13. Ba4 Bg7 14. Bxg7 Kxg7 15. Re1 {0-1 (40) Aglietti,G (2043)-Dragojlovic,A (2298) Novara 2004}) 12... a6 13. Ba4 b5 14. Bb3 Bb7 15. Ng5 Bxg5 16. Bxg5 Nf6 17. Qe2 Nd5 18. Rac1 Qd6 19. Bh4 e6 ({Black should play} 19... Nf4 $17 20. Qd1 Nxg2) 20. Bg3 Qd7 21. Qd2 Rac8 22. a3 Kg7 23. Be5+ f6 24. Bg3 Rxc1 25. Rxc1 Rc8 26. Rc5 Ne7 27. Rxc8 Qxc8 28. f3 Qd7 29. Qe3 Bd5 30. Bc2 Nc6 31. b3 b4 32. a4 Na5 33. Be1 Nc6 34. Bd2 Kg8 35. h4 Qa7 36. Kh1 Qxd4 37. Qxd4 Nxd4 38. Bd3 a5 39. Bc4 Nxb3 40. Bxd5 exd5 41. Be3 d4 42. Bf4 $19 d3 43. Kg1 0-1

[Event "Gibraltar Amateurs B 2019"]
[Site "Caleta"]
[Date "2019.01.29"]
[Round "4"]
[White "Deus, Pedro"]
[Black "Johansson, Daniel"]
[Result "1-0"]
[ECO "B01"]
[WhiteElo "1729"]
[BlackElo "1859"]
[Annotator "NA RC"]
[PlyCount "58"]
[EventDate "2019.01.18"]
[EventType "swiss"]
[EventCountry "GGB"]
[SourceTitle "playchess.com"]
[Source "ChessBase"]
[SourceQuality "1"]
[TimeControl "6600+10"]

1. e4 d5 2. exd5 Qxd5 3. Nc3 Qd6 4. d4 Nf6 5. Nf3 c6 6. Bc4 {[%emt 0:02:05] B01: Scandinavian Defence} (6. g3 Bf5 7. Bg2 h6 8. O-O e6 9. Na4 Nbd7 10. Bf4 Qe7 11. c4 g5 12. Be3 Bg7 13. Qb3 Rb8 {1-0 (88) Grandelius,N (2655)-Andreikin,D (2723) Porto Carras 2018}) 6... Bg4 7. Be3 e6 8. h3 Bh5 9. g4 Bg6 10. Ne5 Nbd7 11. f4 Nb6 $146 ({Predecessor:} 11... Ne4 12. Nxd7 Kxd7 13. Bd3 Nxc3 14. bxc3 Bxd3 15. Qxd3 {½-½ (62) Popovich,A (1973)-Slugin,Y (2103) St Petersburg 2018}) 12. Bb3 Nbd5 13. Bd2 Be7 14. Qe2 Nxc3 15. Bxc3 Ne4 16. O-O-O Nxc3 17. bxc3 Bf6 {[%emt 0:10:57] [#]} (17... f6 $16) 18. f5 $1 Bxe5 19. dxe5 Qa3+ 20. Kb1 exf5 21. gxf5 Bxf5 22. Bxf7+ Kxf7 23. Rhf1 ({Inferior is} 23. Qc4+ Ke7 $17) 23... g6 $2 (23... Rhd8 $16 24. Rxf5+ Kg8) 24. Rxf5+ gxf5 {[%emt 0:00:14] [#]} 25. Qh5+ Ke6 26. Qh6+ Kxe5 27. Re1+ Kd5 28. Qe6+ Kc5 29. Qe7+ Kd5 1-0

[Event "Gibraltar Amateurs B 2019"]
[Site "Caleta"]
[Date "2019.01.29"]
[Round "4"]
[White "Kuenitz, Klaus"]
[Black "Carr, Jay"]
[Result "0-1"]
[ECO "E12"]
[WhiteElo "1723"]
[BlackElo "1842"]
[Annotator "NA RC"]
[PlyCount "67"]
[EventDate "2019.01.18"]
[EventType "swiss"]
[EventCountry "GGB"]
[SourceTitle "playchess.com"]
[Source "ChessBase"]
[SourceQuality "1"]
[TimeControl "6600+10"]

1. d4 Nf6 2. c4 e6 3. Nf3 b6 4. Bg5 Bb7 5. e3 h6 6. Bh4 g5 {[%emt 0:15:01] E12: Queen's Indian: Unusual White 4th moves, 4 a3, 4 Nc3 Bb7 5 a3 and 4 Nc3 Bb7} (6... Be7 7. Nc3 Ne4 8. Nxe4 Bxh4 9. Bd3 Be7 10. O-O O-O 11. Nc3 d5 12. cxd5 exd5 13. Ne5 Nd7 14. f4 c5 15. Qf3 Nf6 {1-0 (93) Kozul,Z (2597)-Fedorchuk,S (2666) Warsaw 2013}) 7. Bg3 Bb4+ 8. Nfd2 c5 $146 ({Predecessor:} 8... Ne4 9. a3 Nxg3 10. hxg3 Bf8 11. Nc3 d6 12. d5 exd5 13. cxd5 Bg7 14. Rc1 Bxc3 15. Rxc3 Bxd5 {1-0 (35) Pozin,S (2436)-Ilandzis,S (2196) Olomouc 2008}) 9. a3 Bxd2+ 10. Nxd2 cxd4 11. exd4 d6 12. f3 Qe7 13. Be2 Nh5 14. Bf2 Nf4 15. Bf1 f5 16. g3 Ng6 17. Bg2 Nd7 18. O-O O-O 19. Re1 Qf7 20. b4 a5 21. Rc1 axb4 22. axb4 Ra2 23. Rc2 Ra3 ({Black should play} 23... Rxc2 $14 24. Qxc2 Ra8) 24. Re3 Rfa8 ({Black should play} 24... Ra4 $14) 25. Rxa3 Rxa3 {[%emt 0:00:01] [#]} 26. Qc1 ({Better is} 26. c5 $1 $16 dxc5 27. Nc4 (27. bxc5 bxc5 28. Nc4 Ra6 $14) 27... cxb4 28. Nxa3 (28. Nd6 Qe7 $14) 28... bxa3 29. Qa1) 26... Ra4 27. Qb2 Qe8 28. c5 dxc5 29. bxc5 Qa8 30. Rc1 bxc5 31. dxc5 {[%emt 0:00:39] [#]} Nde5 (31... Nge5 $1 $17 32. Rc2 Bd5) 32. Qb6 (32. Rb1 $1 $11 {remains equal.} Bd5 33. Bd4) 32... Ra6 33. Qc7 $2 (33. Qb2 $17) 33... Rc6 34. Qb6 $19 0-1